 Dungeon Crawl Stone Soup version 0.30-a0-168-g0b976cbdc4 (webtiles) character file.

Game seed: 8682558936565674091

190 qw the Chopper (level 5, -4/32 HPs)
             Began as a Gargoyle Fighter on Sept 29, 2022.
             Killed by divine providence
             ... invoked by an orc priest
              (14 damage)
             ... on level 3 of the Dungeon.
             The game lasted 00:01:05 (2406 turns).

qw the Chopper (Gargoyle Fighter)                   Turns: 2406, Time: 00:01:06

Health: -4/32      AC: 14    Str: 22    XL:     5   Next: 69%
Magic:  5/5        EV:  9    Int:  8    God:
Gold:   165        SH:  4    Dex:  9    Spells: 4/4 levels left

rFire   . . .      SeeInvis .    Y - +0 war axe
rCold   . . .      Faith    .    c - +0 buckler
rNeg    + . .      Spirit   .    b - +0 scale mail
rPois   inf        Reflect  .    f - +2 helmet
rElec   +          Harm     .    (no cloak)
rCorr   .          Rampage  .    (no gloves)
Will    .....                    (no boots)
Stlth   ..........               (no amulet)
HPRegen 0.10/turn                (no ring)
MPRegen 0.09/turn                (no ring)

@: no status effects
A: sickness immunity, AC +4, negative energy resistance 1, electricity
resistance, torment resistance 1, petrification resistance
a: no special abilities


You were on level 3 of the Dungeon.
You visited 1 branch of the dungeon, and saw 3 of its levels.

You collected 165 gold pieces.


Innate Abilities, Weirdness & Mutations

You are immune to sickness and miasma.
Your stone body is resilient. (AC +4)
You are immune to poison.
You resist negative energy. (rN+)
You are resistant to electric shocks. (rElec)
You are resistant to unholy torment.
You are immune to petrification.


   Skills:
 + Level 3.4 Fighting
 - Level 5.1 Axes
 - Level 3.2 Armour
 - Level 3.2 Shields


You had 4 spell levels left.
You didn't know any spells.
Your spell library was empty.

Inventory:

Hand Weapons
 j - a +0 flail
 Y - a +0 war axe (weapon)
Armour
 b - a +0 scale mail (worn)
 c - a +0 buckler (worn)
 f - a +2 helmet (worn)
 n - a +0 leather armour of poison resistance
Jewellery
 a - an amulet of reflection
 e - an amulet of regeneration
 o - a +6 ring of strength
Scrolls
 l - a scroll of identify
Potions
 d - a potion of might
 g - a potion of heal wounds
 h - 5 potions of curing
 i - 2 potions of mutation {unknown}
 k - a potion of attraction {unknown}
 m - 2 potions of brilliance {unknown}
 p - a potion of haste {unknown}

Dungeon Overview and Level Annotations

Branches:
Dungeon (3/15)

Altars:

Annotations:
D:2 1 runed translucent door, Crazy Yiuf
D:3 2 transporters, qw's ghost, amateur GrFi


Message History

The orc completely misses you.
You hit the orc.
You kill the orc!
You closely miss the orc. You block the orc's attack.
You hit the orc.
The orc is severely wounded.
The orc closely misses you.
The orc shouts!
You slash the orc!
You kill the orc!
You hear a shout! x2
An orc priest comes into view. It is wielding a +0 club.
An orc comes into view. It is wielding a +0 whip.
The orc priest mumbles some strange prayers to Beogh against you.
You barely resist. The orc hits you but does no damage.
You hit the orc.
The orc is moderately wounded.
The orc hits you but does no damage.
You slash the orc!
You kill the orc!
You closely miss the orc priest.
The orc priest hits you but does no damage.
You barely miss the orc priest. You completely miss the orc.
You block the orc priest's attack. The orc hits you with a +0 whip.
You hit the orc priest.
The orc priest is lightly wounded.
You closely miss the orc. The orc priest hits you with a +0 club.
The orc hits you but does no damage. The orc hits you with a +0 whip.
The orc priest closely misses you.
You closely miss the orc priest.
The orc priest is lightly wounded.
You hit the orc but do no damage. The orc priest hits you with a +0 club.
The orc hits you but does no damage.
You hit the orc priest.
The orc priest is heavily wounded.
You hit the orc.
The orc priest calls down the wrath of Beogh upon you.
Beogh smites you!
You die...

#..# #o ...# #.
..#.# #. #.#.#
#.# #.#.# #.#
#.# # #.###.#
#.o@o.# #.)####
#..# ##..#
#...# ##
#.#.##### ..
#%......# .#
####.....#.##.#
#.............#
#


You could see an orc priest and an orc.

Vanquished Creatures
  2 orc priests (D:3)
  Robin (D:2)
  A gnoll (D:1)
  An adder (D:2)
  3 worms
  2 dart slugs (D:1)
  6 orcs (D:3)
  6 ball pythons
  4 bats
  6 endoplasms
  3 giant cockroaches
  12 goblins
  10 hobgoblins
  4 jackals (D:2)
  3 quokkas (D:1)
  A frilled lizard (D:1)
  4 kobolds
  8 rats
77 creatures vanquished.

Notes
Turn   | Place    | Note
-------+----------+-------------------------------------------
     0 | D:1      | qw the Gargoyle Fighter began the quest for the Orb.
     0 | D:1      | Reached XP level 1. HP: 14/14 MP: 1/1
     0 | D:1      | 0 ||| qw: Version: 0.2-a-12-gaebbb33
     0 | D:1      | 0 ||| qw: Game counter: 1162
     0 | D:1      | 0 ||| qw: Always use a shield: true
     0 | D:1      | 0 ||| qw: God list: Okawaru
     0 | D:1      | 0 ||| qw: Allow faded altars: false
     0 | D:1      | 0 ||| qw: Do Orc after D:15 true
     0 | D:1      | 0 ||| qw: Do second Lair branch before Depths: true
     0 | D:1      | 0 ||| qw: Lair rune preference: random
     0 | D:1      | 0 ||| qw: Plans: Normal, Zot:1-4, God:TSO, Crypt, Tomb,
                  | Pan, Slime:5, Hells, Abyss, Orb
     0 | D:1      | 0 ||| PLANNING D:1-11
    30 | D:1      | Reached skill level 2 in Axes
    64 | D:1      | 64 ||| Stepping ~*~*~tactically~*~*~ (hiding).
    72 | D:1      | Reached XP level 2. HP: 19/19 MP: 2/2
    87 | D:1      | 87 ||| Stepping ~*~*~tactically~*~*~ (stealth).
   239 | D:1      | Reached skill level 3 in Axes
   245 | D:1      | Reached XP level 3. HP: 23/23 MP: 3/3
   679 | D:1      | 679 ||| READING 2 scrolls labelled BUDWOYHOZ.
   680 | D:1      | 680 ||| READING 2 scrolls labelled CARECK YSECASK.
   781 | D:1      | 781 ||| READING scroll labelled MOTHREQ YSKENO.
   782 | D:1      | 782 ||| DRINKING 2 blue potions.
   783 | D:1      | 783 ||| DROPPING scroll of silence.
   968 | D:2      | Found a runed translucent door.
   969 | D:2      | Noticed Crazy Yiuf
  1103 | D:2      | Reached XP level 4. HP: 28/28 MP: 4/4
  1197 | D:2      | Reached skill level 4 in Axes
  1217 | D:2      | Found a faded altar of an unknown god.
  1239 | D:2      | 1239 ||| Stepping ~*~*~tactically~*~*~ (stealth).
  1240 | D:2      | 1240 ||| Stepping ~*~*~tactically~*~*~ (stealth).
  1241 | D:2      | 1241 ||| Stepping ~*~*~tactically~*~*~ (stealth).
  1508 | D:2      | 1508 ||| READING 2 scrolls labelled VEZUIR YMPEROPLA.
  1509 | D:2      | 1509 ||| READING scroll labelled DUZUX XOFFIOFA.
  1510 | D:2      | 1510 ||| READING scroll labelled HESUAS DISSIDE.
  1511 | D:2      | 1511 ||| READING scroll labelled ZAPET OGOS.
  1512 | D:2      | 1512 ||| READING scroll labelled ABAOTH JYQAETS.
  1513 | D:2      | 1513 ||| READING scroll labelled JEOFOM GEREB.
  1530 | D:2      | 1530 ||| Stepping ~*~*~tactically~*~*~ (stealth).
  1531 | D:2      | 1531 ||| Stepping ~*~*~tactically~*~*~ (stealth).
  1556 | D:2      | Noticed Robin
  1557 | D:2      | 1557 ||| Stepping ~*~*~tactically~*~*~ (stealth).
  1559 | D:2      | 1559 ||| Stepping ~*~*~tactically~*~*~ (hiding).
  1568 | D:2      | Killed Robin
  1600 | D:2      | 1600 ||| UPGRADING to +0 helmet.
  1605 | D:2      | 1605 ||| READING 2 scrolls of enchant armour.
  1605 | D:2      | 1605 ||| ENCHANTING +0 helmet.
  1606 | D:2      | 1606 ||| READING scroll of enchant armour.
  1606 | D:2      | 1606 ||| ENCHANTING +1 helmet.
  1607 | D:2      | 1607 ||| DRINKING 6 bubbling sapphire potions.
  1608 | D:2      | 1608 ||| DROPPING scroll of noise.
  1652 | D:3      | 1652 ||| STAIRDANCE
  1881 | D:3      | Reached XP level 5. HP: 32/32 MP: 5/5
  1919 | D:3      | Noticed qw's ghost (amateur GrFi)
  1920 | D:3      | Found a transporter.
  2041 | D:3      | Found a transporter.
  2065 | D:3      | Reached skill level 5 in Axes
  2277 | D:3      | 2277 ||| DROPPING +0 club.
  2314 | D:3      | 2314 ||| DROPPING +1 mace of venom.
  2395 | D:3      | 2395 ||| Stepping ~*~*~tactically~*~*~ (stealth).
  2406 | D:3      | Killed from afar by an orc priest

Levels and vault maps discovered:
D:1:      saegor_arrival_simple_c, layout_rooms
D:2:      layout_loops_ring, basic_ecumenical_altar, nrook_mini_vaults,
          uniq_robin, uniq_crazy_yiuf_cottage
D:3:      layout_loops_ring, gammafunk_ghost_mausoleum, minmay_misc_feat_rugged

Skill      XL: |  1  2  3  4  5 |
---------------+----------------+-----
Axes           | 2 3 4 5 |  5.1
Fighting       | |  3.4
Armour         | |  3.2
Shields        | |  3.2

Action                   |  1- 3 |  4- 6 || total
-------------------------+-------+-------++-------
Melee: War axe           |    80 |   128 ||   208
  Use: Scroll            |     3 |     8 ||    11
       Potion            |     1 |     1 ||     2
Armor: Scale mail        |    33 |    59 ||    92
Dodge: Dodged            |    26 |    57 ||    83
Block: Buckler           |    21 |    22 ||    43

Table legend:
 A = Non-vault XP
 B = Vault XP
 C = Vault XP percentage of total XP
 D = Non-vault monster count
 E = Vault monster count
 F = Vault count percentage of total count
                 A         B        C        D         E       F
            +---------+---------+-------+---------+---------+-------
      Total |     233 |      39 |  14.3 |      64 |      13 |  16.9
            +---------+---------+-------+---------+---------+-------
        D:1 |      66 |       0 |   0.0 |      28 |       0 |   0.0
        D:2 |      53 |      39 |  42.4 |      21 |      13 |  38.2
        D:3 |     114 |       0 |   0.0 |      15 |       0 |   0.0
            +---------+---------+-------+---------+---------+-------
